 Dungeon Crawl Stone Soup version 0.24-a0-203-gf0bc1e9 (webtiles) character file.

Game seed: 13471153503602487439

67 Borgoz the Cutter (level 4, 0/27 HPs)
             Began as a Kobold Gladiator on Mar 27, 2019.
             Slain by an adder (4 damage)
             ... on level 2 of the Dungeon.
             The game lasted 00:03:24 (1443 turns).

Borgoz the Cutter (Kobold Gladiator)                Turns: 1443, Time: 00:03:25

Health: 0/27       AC:  4    Str: 15    XL:     4   Next: 38%
Magic:  4/4        EV: 15    Int:  9    God:
Gold:   20         SH:  5    Dex: 16    Spells: 3/3 levels left

rFire    . . .     SeeInvis .   a - +0 rapier
rCold    . . .     Gourm    .   (shield restricted)
rNeg     . . .     Faith    .   b - +0 leather armour
rPois    .         Spirit   .   c - +0 helmet
rElec    .         Reflect  +   q - scarf {cloud immunity}
rCorr    .         Harm     .   (no gloves)
MR       .....                  (no boots)
Stlth    +.........             l - +5 amulet of reflection
HPRegen  0.09/turn              o - +3 ring of strength
MPRegen  0.09/turn              (no ring)

@: lethally poisoned (0 -> -14), heavily drained
A: small, carnivore
a: no special abilities


You were on level 2 of the Dungeon.
You were completely stuffed.

You visited 1 branch of the dungeon, and saw 2 of its levels.

You collected 20 gold pieces.

Inventory:

Hand Weapons
 a - a +0 rapier (weapon)
Missiles
 d - 3 throwing nets (quivered)
Armour
 b - a +0 leather armour (worn)
 c - a +0 helmet (worn)
 q - a scarf of cloud immunity (worn)
Jewellery
 k - an uncursed amulet of harm
 l - a +5 amulet of reflection (around neck)
 o - a +3 ring of strength (left hand)
Scrolls
 e - a scroll of fear {unknown}
 g - 3 scrolls of teleportation {unknown}
 h - a scroll of identify {unknown}
 i - 4 scrolls of remove curse {unknown}
Potions
 j - 3 potions of curing {unknown}
 m - a potion of flight {unknown}
 p - a potion of cancellation {unknown}
Comestibles
 f - 5 rations
 n - a chunk of flesh


   Skills:
 + Level 2.8(1.5) Fighting
 + Level 4.5(3.1) Short Blades
 + Level 2.7(1.4) Throwing
 + Level 1.0(0.0) Armour
 + Level 4.0(2.7) Dodging
 + Level 1.9(0.6) Stealth


You had 3 spell levels left.
You didn't know any spells.
Your spell library was empty.

Dungeon Overview and Level Annotations

Branches:
Dungeon (2/15)

Altars:


Innate Abilities, Weirdness & Mutations

You are small and have problems with some larger weapons.
You are carnivorous and can eat meat at any time.


Message History

The adder barely misses you.
You closely miss the adder.
The adder is moderately wounded.
The adder bites you.
You are more poisoned.
The adder poisons you! The adder bites you.
You are more poisoned.
The adder poisons you!
Okay, then.
You barely miss the adder.
The adder is moderately wounded.
* * * LOW HITPOINT WARNING * * *
You feel sick. The adder completely misses you.
You barely miss the adder.
The adder is moderately wounded.
* * * LOW HITPOINT WARNING * * *
You feel sick. The adder bites you.
* * * LOW HITPOINT WARNING * * *
The adder bites you.
You die...

#..###. #. #.#
#...##.##. #.#
####......... ...
.....# #.... #.#
#..######. #.#
#.....÷... #.#
#.######## #S#
#.# # ##.####@#
#.#
........#######.#
##....†.........#
#.##############
# # .# ###.# #...


You could see an adder.

Vanquished Creatures
  An adder (D:2)
  A worm (D:2)
  2 dart slugs (D:2)
  2 giant cockroaches
  3 goblins (D:1)
  10 hobgoblins
  6 jackals
  8 kobolds
  A quokka (D:2)
  3 bats (D:1)
  2 frilled lizards
  8 rats
47 creatures vanquished.

Notes
Turn   | Place    | Note
-------+----------+-------------------------------------------
     0 | D:1      | Borgoz the Kobold Gladiator began the quest for the Orb.
     0 | D:1      | Reached XP level 1. HP: 12/12 MP: 1/1
   216 | D:1      | Reached XP level 2. HP: 17/17 MP: 2/2
   261 | D:1      | Reached skill level 1 in Stealth
   538 | D:1      | Reached XP level 3. HP: 22/22 MP: 3/3
  1061 | D:2      | Reached XP level 4. HP: 10/27 MP: 4/4
  1381 | D:2      | Reached skill level 1 in Armour
  1443 | D:2      | Slain by an adder

Levels and vault maps discovered:
D:1:      ebering_trefoil_twist, layout_basic
D:2:      layout_loops_ring

Skill      XL: |  1  2  3  4 |
---------------+-------------+-----
Stealth        | 1 |  1.9
Dodging        | 4 |  4.0
Armour         | 1 |  1.0
Fighting       | |  2.8
Short Blades   | |  4.5
Throwing       | |  2.7

Action                   |  1- 3 |  4- 6 || total
-------------------------+-------+-------++-------
Melee: Rapier            |   103 |    61 ||   164
 Stab: Sleeping          |       |     2 ||     2
  Eat: Chunk             |     8 |     2 ||    10
Armor: Leather armour    |    14 |    13 ||    27
Dodge: Dodged            |    77 |    35 ||   112
Block: Other             |    17 |    10 ||    27

Table legend:
 A = Non-vault XP
 B = Vault XP
 C = Vault XP percentage of total XP
 D = Non-vault monster count
 E = Vault monster count
 F = Vault count percentage of total count
                 A         B        C        D         E       F
            +---------+---------+-------+---------+---------+-------
      Total |      96 |       0 |   0.0 |      47 |       0 |   0.0
            +---------+---------+-------+---------+---------+-------
        D:1 |      48 |       0 |   0.0 |      28 |       0 |   0.0
        D:2 |      48 |       0 |   0.0 |      19 |       0 |   0.0
            +---------+---------+-------+---------+---------+-------
